[Event "Botvinnik Cup 2018"]
[Site "Moscow"]
[Date "2018.08.11"]
[Round "4"]
[White "Orozbaev, Eldiiar"]
[Black "Egin, Vladimir"]
[Result "0-1"]
[ECO "C54"]
[WhiteElo "1763"]
[BlackElo "2317"]
[Annotator "NA"]
[PlyCount "114"]
[EventDate "2018.08.10"]
[EventCountry "RUS"]
[SourceTitle "playchess.com"]
[Source "ChessBase"]
[SourceQuality "1"]
[TimeControl "5400+30"]

1. e4 e5 2. Nf3 Nc6 3. Bc4 Bc5 4. c3 Nf6 5. d3 a6 6. O-O d6 7. a4 Ba7 8. Be3 O-O 9. Nbd2 d5 10. exd5 Nxd5 11. Re1 Nxe3 12. fxe3 Bf5 13. Nf1 Qd7 14. Ng3 Bg4 15. b4 Rfe8 16. a5 Rad8 17. b5 axb5 18. Bxb5 Qd6 19. a6 bxa6 20. Rxa6 Bb6 21. Qa4 Bd7 22. Ne4 Qg6 23. c4 f5 24. Nc3 Nb8 25. Bxd7 Nxd7 26. Rxb6 Nxb6 27. Qa2 Rxd3 28. c5+ Qf7 29. Qc2 Qc4 30. cxb6 Qxc3 31. Qa4 Rb8 32. b7 Qb3 33. Qc6 Qd5 34. Qxc7 Qxb7 35. Qxe5 Rd5 36. Qe6+ Qf7 37. Qc6 Rbd8 38. Nd4 f4 39. Rf1 R5d6 40. Qe4 Rf6 41. g3 fxe3 42. Re1 Qd5 43. Qxd5+ Rxd5 44. Nc2 Rd2 45. Nxe3 Re6 46. h4 h5 47. Kf1 Kf7 48. Kg1 Kg6 49. Kf1 Rf6+ 50. Kg1 Rff2 51. Nf1 Rde2 52. Rb1 Kf5 53. Rb4 Rb2 54. Ra4 Kg6 55. Ra6+ Rf6 56. Ra5 Rb1 57. Rg5+ Kh6 0-1

[Event "Botvinnik Cup 2018"]
[Site "Moscow"]
[Date "2018.08.11"]
[Round "4"]
[White "Omonova, Umida"]
[Black "Tologontegin, Semetey"]
[Result "1/2-1/2"]
[ECO "B08"]
[WhiteElo "1762"]
[BlackElo "2407"]
[Annotator "NA"]
[PlyCount "92"]
[EventDate "2018.08.10"]
[EventCountry "RUS"]
[SourceTitle "playchess.com"]
[Source "ChessBase"]
[SourceQuality "1"]
[TimeControl "5400+30"]

1. e4 g6 2. d4 Bg7 3. Nc3 c6 4. Nf3 d6 5. Be2 Nf6 6. O-O Qc7 7. Be3 O-O 8. Qd2 Ng4 9. Bf4 e5 10. Bg3 Nd7 11. h3 Ngf6 12. dxe5 dxe5 13. Rad1 Re8 14. Bc4 h6 15. Rfe1 Nh5 16. Bh2 Nb6 17. Bb3 Be6 18. Qd6 Qxd6 19. Rxd6 Bxb3 20. axb3 Bf8 21. Rd3 f6 22. Red1 Ng7 23. Nd2 Ne6 24. Nc4 Nxc4 25. bxc4 Nd4 26. R1d2 Bb4 27. Kf1 Kf7 28. f4 Bd6 29. Ne2 Nxe2 30. Kxe2 Bc7 31. Rd7+ Re7 32. fxe5 Bxe5 33. Bxe5 fxe5 34. Ke3 Rae8 35. c5 Rxd7 36. Rxd7+ Re7 37. Rxe7+ Kxe7 38. b4 Kf6 39. Kf3 Kg5 40. g3 h5 41. h4+ Kf6 42. Ke3 Ke6 43. Kd3 Kd7 44. Kc4 Kc7 45. Kb3 Kb8 46. Ka4 Kc7 1/2-1/2

[Event "Botvinnik Cup 2018"]
[Site "Moscow"]
[Date "2018.08.11"]
[Round "4"]
[White "Keller, Rostislav"]
[Black "Sevdimaliyev, Urfan"]
[Result "1/2-1/2"]
[ECO "C00"]
[WhiteElo "1735"]
[BlackElo "2388"]
[Annotator "NA"]
[PlyCount "35"]
[EventDate "2018.08.10"]
[EventCountry "RUS"]
[SourceTitle "playchess.com"]
[Source "ChessBase"]
[SourceQuality "1"]
[TimeControl "5400+30"]

1. e4 e6 2. d4 d5 3. Bd3 dxe4 4. Bxe4 Nf6 5. Bf3 c6 6. Ne2 Nbd7 7. O-O Bd6 8. c4 O-O 9. Nbc3 Re8 10. Qc2 e5 11. Bg5 exd4 12. Nxd4 Ne5 13. Be4 h6 14. Bxf6 Qxf6 15. Rad1 Nxc4 16. Bh7+ Kh8 17. Ne4 Qe7 18. Qxc4 1/2-1/2

[Event "Botvinnik Cup 2018"]
[Site "Moscow"]
[Date "2018.08.11"]
[Round "4"]
[White "Tsotsonava, Elene"]
[Black "Korotylev, Alexey"]
[Result "0-1"]
[ECO "B09"]
[WhiteElo "1701"]
[BlackElo "2573"]
[Annotator "RC"]
[PlyCount "80"]
[EventDate "2018.08.10"]
[EventCountry "RUS"]
[SourceTitle "playchess.com"]
[Source "ChessBase"]
[SourceQuality "1"]
[TimeControl "5400+30"]

1. e4 d6 2. d4 Nf6 3. Nc3 g6 4. f4 Bg7 5. Nf3 c5 6. d5 O-O 7. a4 e6 8. Be2 exd5 9. exd5 Na6 10. O-O Nb4 11. Bc4 Bf5 12. Rf2 Ng4 13. Re2 Re8 14. h3 Nf6 15. Bb3 c4 16. Bxc4 Rxe2 17. Qxe2 Nxc2 18. Ra2 Nb4 19. Ra3 Rc8 20. Rb3 a5 21. Be3 Qc7 22. Nd2 h5 23. Qf2 Qe7 24. Bb6 Bc2 25. Ra3 Bd3 26. Bxa5 Bxc4 27. Bxb4 Nxd5 28. Nxd5 Bxd5 29. Rd3 Qe6 30. Nf3 Rc4 31. Qd2 Bxf3 32. Rxf3 d5 33. f5 Qb6+ 34. Kh1 Qxb4 35. Qxd5 Rd4 36. Qb3 Qxb3 37. Rxb3 Rd1+ 38. Kh2 Be5+ 39. g3 h4 40. Rxb7 hxg3+ 0-1

[Event "Botvinnik Cup 2018"]
[Site "Moscow"]
[Date "2018.08.12"]
[Round "5"]
[White "Korotylev, Alexey"]
[Black "Yedigaryan, Asya"]
[Result "1-0"]
[ECO "E70"]
[WhiteElo "2573"]
[BlackElo "1622"]
[Annotator "ChessBase"]
[PlyCount "109"]
[EventDate "2018.08.10"]
[EventCountry "RUS"]
[SourceTitle "playchess.com"]
[Source "ChessBase"]
[SourceQuality "1"]
[TimeControl "5400+30"]

1. d4 Nf6 2. c4 g6 3. Nc3 Bg7 4. e4 d6 5. Bd3 O-O 6. Nge2 e5 7. d5 Nbd7 8. O-O Nc5 9. Bc2 a5 10. f3 Ne8 11. Be3 b6 12. a3 f5 13. exf5 gxf5 14. b4 Nd7 15. Rc1 Rf7 16. Qd2 Ndf6 17. Kh1 Bf8 18. f4 e4 19. Bd4 Rg7 20. Nd1 Rg6 21. h3 Nh5 22. Qe1 Be7 23. Bf2 Bf6 24. Ne3 axb4 25. axb4 Ra3 26. Rg1 Rh6 27. Rb1 Nhg7 28. Bb3 Bh4 29. Bxh4 Qxh4 30. Qxh4 Rxh4 31. Kh2 Rh6 32. Nd4 Bd7 33. Ra1 Rxa1 34. Rxa1 Kf7 35. Ba4 Bxa4 36. Rxa4 Rf6 37. Ra7 Kg6 38. Ne2 Rf7 39. Kg3 c5 40. Ra8 Rb7 41. b5 Nc7 42. Rd8 Nce8 43. Kf2 Kf6 44. g4 Ke7 45. Ra8 Nc7 46. Rh8 fxg4 47. hxg4 Nce8 48. Rxh7 Kf7 49. g5 Kg8 50. Rh6 Ra7 51. f5 Ra3 52. Ng3 Ra2+ 53. Kg1 Ra1+ 54. Ngf1 Rxf1+ 55. Kxf1 1-0

[Event "Botvinnik Cup 2018"]
[Site "Moscow"]
[Date "2018.08.12"]
[Round "5"]
[White "Paichadze, Luka"]
[Black "Annageldiyev, Azatgeldi"]
[Result "1-0"]
[ECO "B53"]
[WhiteElo "2564"]
[BlackElo "1727"]
[Annotator "ChessBase"]
[PlyCount "97"]
[EventDate "2018.08.10"]
[EventCountry "RUS"]
[SourceTitle "playchess.com"]
[Source "ChessBase"]
[SourceQuality "1"]
[TimeControl "5400+30"]

1. e4 c5 2. Nf3 d6 3. d4 cxd4 4. Qxd4 Nc6 5. Bb5 Bd7 6. Bxc6 Bxc6 7. Nc3 Nf6 8. Bg5 e6 9. O-O-O Be7 10. Rhe1 Qa5 11. Kb1 O-O 12. Qd2 Rfe8 13. Nd4 Qb6 14. f3 a5 15. a4 Rac8 16. Ndb5 Bxb5 17. Nxb5 d5 18. Bxf6 Bxf6 19. exd5 exd5 20. Qxd5 Rxe1 21. Rxe1 Rd8 22. Qd6 Qxd6 23. Nxd6 b6 24. Nc4 Bd4 25. Rd1 Bf6 26. Rxd8+ Bxd8 27. Kc1 f5 28. Kd2 Kf7 29. Kd3 Ke6 30. c3 h5 31. b4 h4 32. bxa5 bxa5 33. Nd2 Bc7 34. Nf1 g5 35. Kc4 Be5 36. Kd3 Bc7 37. c4 Be5 38. h3 Kd6 39. Ne3 f4 40. Ng4 Bg7 41. Nf2 Ke5 42. Ne4 Bh6 43. Nc5 Kd6 44. Nb3 Bf8 45. Nxa5 Kc5 46. Nb7+ Kb6 47. Nd8 Ka5 48. Ne6 Be7 49. c5 1-0

[Event "Botvinnik Cup 2018"]
[Site "Moscow"]
[Date "2018.08.12"]
[Round "5"]
[White "Paichadze, Luka"]
[Black "Saryev, Azim"]
[Result "1-0"]
[ECO "C00"]
[WhiteElo "2564"]
[BlackElo "1586"]
[Annotator "ChessBase"]
[PlyCount "85"]
[EventDate "2018.08.10"]
[EventCountry "RUS"]
[SourceTitle "playchess.com"]
[Source "ChessBase"]
[SourceQuality "1"]
[TimeControl "5400+30"]

1. e4 e6 2. b3 d5 3. Bb2 Nf6 4. e5 Nfd7 5. f4 c5 6. Qg4 h5 7. Qh3 g6 8. Nf3 Nc6 9. Be2 d4 10. O-O Nb6 11. c4 a5 12. Na3 Bd7 13. Nb5 Nb4 14. a4 Bc6 15. Ng5 Qd7 16. Bf3 Be7 17. Ne4 Bxe4 18. Bxe4 O-O-O 19. Ba3 Na6 20. Qg3 Kb8 21. d3 Rhg8 22. Qe1 Nb4 23. Bxb4 cxb4 24. Rc1 Bc5 25. Kf2 Rh8 26. Ke2 Rhg8 27. Kd2 Rc8 28. Kc2 Rh8 29. g3 Rhg8 30. h3 Rh8 31. Qe2 Rh6 32. Rf2 Rch8 33. Rcf1 Rf8 34. Qf3 Rhh8 35. g4 h4 36. f5 g5 37. fxe6 fxe6 38. Qxf8+ Rxf8 39. Rxf8+ Bxf8 40. Rxf8+ Nc8 41. Nd6 Ka7 42. Rxc8 Qg7 43. c5 1-0

[Event "Botvinnik Cup 2018"]
[Site "Moscow"]
[Date "2018.08.12"]
[Round "5"]
[White "Atabayev, Maksat"]
[Black "Qalichava, Akaki"]
[Result "1/2-1/2"]
[ECO "A14"]
[WhiteElo "2505"]
[BlackElo "1874"]
[Annotator "ChessBase"]
[PlyCount "122"]
[EventDate "2018.08.10"]
[EventCountry "RUS"]
[SourceTitle "playchess.com"]
[Source "ChessBase"]
[SourceQuality "1"]
[TimeControl "5400+30"]

1. Nf3 Nf6 2. c4 e6 3. g3 d5 4. Bg2 Be7 5. O-O O-O 6. b3 c5 7. cxd5 Nxd5 8. Bb2 Nc6 9. Nc3 Bf6 10. Qc1 Nxc3 11. Bxc3 Nd4 12. Nxd4 cxd4 13. Bb4 Be7 14. Qa3 Bxb4 15. Qxb4 Rb8 16. Rfc1 b6 17. Rc6 a5 18. Qd6 Ba6 19. Qe5 Qf6 20. Qxf6 gxf6 21. e3 dxe3 22. fxe3 Rfc8 23. Rac1 Kf8 24. Kf2 Ke7 25. d4 Kd7 26. g4 Rxc6 27. Bxc6+ Kd6 28. Be4 Bb5 29. a3 Rg8 30. Bf3 Bd7 31. h3 Bb5 32. b4 a4 33. Rc3 Bd7 34. e4 Bb5 35. Ke3 Bd7 36. Be2 Rg5 37. Rc1 Rg8 38. Rf1 Ke7 39. Bd3 h5 40. gxh5 Rg3+ 41. Rf3 Rg5 42. h4 Rxh5 43. Rh3 Rh6 44. h5 e5 45. Rh4 exd4+ 46. Kxd4 f5 47. exf5 Kf6 48. b5 Kg5 49. Rh3 Bxf5 50. Bxf5 Kxf5 51. Kd5 Kg4 52. Rc3 f5 53. Rc6 Rxh5 54. Rxb6 f4+ 55. Ke4 Rg5 56. Rf6 Rxb5 57. Rxf4+ Kg5 58. Rf3 Rb3 59. Rd3 Rxd3 60. Kxd3 Kf5 61. Kc4 Ke4 1/2-1/2

[Event "Botvinnik Cup 2018"]
[Site "Moscow"]
[Date "2018.08.12"]
[Round "5"]
[White "Atabayev, Maksat"]
[Black "Tsotsonava, Elene"]
[Result "1-0"]
[ECO "B30"]
[WhiteElo "2505"]
[BlackElo "1701"]
[Annotator "ChessBase"]
[PlyCount "123"]
[EventDate "2018.08.10"]
[EventCountry "RUS"]
[SourceTitle "playchess.com"]
[Source "ChessBase"]
[SourceQuality "1"]
[TimeControl "5400+30"]

1. e4 c5 2. Nf3 Nc6 3. c3 d5 4. exd5 Qxd5 5. d4 Bg4 6. Be2 cxd4 7. cxd4 e6 8. Nc3 Bb4 9. O-O Qa5 10. h3 Bxf3 11. Bxf3 Nge7 12. Bxc6+ Nxc6 13. Qg4 O-O-O 14. Be3 f5 15. Qxg7 Bxc3 16. bxc3 Rhg8 17. Qf7 Qd5 18. f3 Rdf8 19. Qh5 Rg6 20. Qxh7 Rfg8 21. Rf2 Qc4 22. Rc1 R6g7 23. Qh6 Ne7 24. Bd2 Rg6 25. Qe3 Nc6 26. Kh2 Qd5 27. Qf4 Qxa2 28. c4 Qb2 29. d5 Qg7 30. Rg1 Ne5 31. Re2 Rg3 32. Qh6 Qxh6 33. Bxh6 Nxf3+ 34. gxf3 Rxg1 35. dxe6 Kd8 36. f4 Rc1 37. Bg5+ Kc7 38. Re5 Rxc4 39. Rxf5 Re4 40. Rf7+ Kd6 41. Rxb7 Kxe6 42. Rxa7 Kf5 43. Ra5+ Kg6 44. Ra6+ Kf7 45. Kg3 Rc8 46. Kg4 Re2 47. Ra7+ Kg8 48. h4 Rg2+ 49. Kh5 Rc6 50. Rb7 Ra6 51. Rb4 Kf7 52. Rb8 Rc6 53. Ra8 Rb6 54. Ra5 Rc6 55. Rf5+ Kg7 56. Rd5 Kf7 57. f5 Ra6 58. Rd7+ Ke8 59. Re7+ Kf8 60. f6 Rf2 61. Kg6 Rg2 62. Rh7 1-0

[Event "Botvinnik Cup 2018"]
[Site "Moscow"]
[Date "2018.08.12"]
[Round "5"]
[White "Khusnutdinov, Rustam"]
[Black "Orozbaev, Eldiar"]
[Result "1-0"]
[ECO "B23"]
[WhiteElo "2470"]
[BlackElo "1785"]
[Annotator "ChessBase"]
[PlyCount "85"]
[EventDate "2018.08.10"]
[EventCountry "RUS"]
[SourceTitle "playchess.com"]
[Source "ChessBase"]
[SourceQuality "1"]
[TimeControl "5400+30"]

1. e4 c5 2. Nc3 d6 3. Nf3 Nc6 4. d4 cxd4 5. Nxd4 g6 6. Bc4 Bg7 7. Nb3 Nf6 8. O-O O-O 9. Re1 Bd7 10. Nd5 Ne5 11. Bf1 Nxd5 12. exd5 Rc8 13. Bg5 h6 14. Be3 g5 15. c3 f5 16. f4 gxf4 17. Bxf4 Ng6 18. Be3 f4 19. Bd4 Ne5 20. Nd2 Qa5 21. Bxe5 dxe5 22. Ne4 Qb6+ 23. Kh1 Bf5 24. Qd2 Rfd8 25. Rad1 Kh8 26. c4 Qg6 27. Bd3 b5 28. b3 Bxe4 29. Bxe4 Qb6 30. Bb1 Kg8 31. Bf5 Rc7 32. Qe2 bxc4 33. bxc4 Qf6 34. Be6+ Kh8 35. Rc1 Rb8 36. c5 Rb4 37. Qd3 e4 38. Rxe4 Rxe4 39. Qxe4 Rxc5 40. Rb1 Qb2 41. Qe1 Rc2 42. Rxb2 Bxb2 43. Bg4 1-0

[Event "Botvinnik Cup 2018"]
[Site "Moscow"]
[Date "2018.08.12"]
[Round "5"]
[White "Khusnutdinov, Rustam"]
[Black "Sakibaev, Nursultan"]
[Result "1-0"]
[ECO "B01"]
[WhiteElo "2470"]
[BlackElo "1754"]
[Annotator "RC"]
[PlyCount "155"]
[EventDate "2018.08.10"]
[EventCountry "RUS"]
[SourceTitle "playchess.com"]
[Source "ChessBase"]
[SourceQuality "1"]
[TimeControl "5400+30"]

1. e4 d5 2. exd5 Nf6 3. d4 Nxd5 4. Nf3 Bf5 5. Bd3 Bxd3 6. Qxd3 e6 7. Qb5+ Nd7 8. Qxb7 Nb4 9. Qe4 Nf6 10. Qe2 Bd6 11. O-O h6 12. Na3 O-O 13. Nc4 Nbd5 14. Nfe5 c5 15. Nxd6 Qxd6 16. c4 Nb6 17. dxc5 Qxc5 18. b3 Rad8 19. Bb2 a5 20. Rad1 a4 21. Qf3 Rfe8 22. h3 Qc7 23. Qe3 axb3 24. axb3 Qb7 25. Rd4 Rxd4 26. Qxd4 Nbd7 27. Nxd7 Qxd7 28. Qxd7 Nxd7 29. Bd4 e5 30. Be3 f5 31. f3 Kf7 32. b4 Rb8 33. b5 Ke6 34. Rb1 Kd6 35. c5+ Kc7 36. b6+ Kb7 37. Ra1 Rc8 38. Ra5 g5 39. Kf1 h5 40. Ke2 Kc6 41. Kd3 Kd5 42. Kc3 Nxb6 43. Ra6 f4 44. Rxb6 fxe3 45. Rg6 Rxc5+ 46. Kd3 e2 47. Kxe2 Rc2+ 48. Kf1 g4 49. hxg4 hxg4 50. Rxg4 Ke6 51. Re4 Kf5 52. Kg1 Rd2 53. Kh2 Rd7 54. Kg3 Rg7+ 55. Kf2 Ra7 56. g4+ Kf6 57. Rb4 Ra6 58. Rb8 Rd6 59. Rf8+ Ke6 60. Kg3 Rd3 61. Kh4 Ke7 62. Rf5 Ke6 63. Kg5 Re3 64. Kg6 Re1 65. f4 exf4 66. Rxf4 Rg1 67. g5 Ke7 68. Kh6 Rh1+ 69. Kg7 Rg1 70. g6 Ke8 71. Kh7 Rh1+ 72. Kg8 Rg1 73. g7 Rg3 74. Re4+ Kd7 75. Kf7 Rf3+ 76. Kg6 Rg3+ 77. Kf6 Rf3+ 78. Kg5 1-0

[Event "Botvinnik Cup 2018"]
[Site "Moscow"]
[Date "2018.08.12"]
[Round "5"]
[White "Tologontegin, Semetey"]
[Black "Nurmanova, Alua"]
[Result "1-0"]
[ECO "A00"]
[WhiteElo "2419"]
[BlackElo "1825"]
[Annotator "NA"]
[PlyCount "101"]
[EventDate "2018.08.10"]
[EventCountry "RUS"]
[SourceTitle "playchess.com"]
[Source "ChessBase"]
[SourceQuality "1"]
[TimeControl "5400+30"]

1. g3 g6 2. Bg2 Bg7 3. e4 Nc6 4. Ne2 d6 5. d4 e5 6. Be3 Nf6 7. h3 O-O 8. Nbc3 a6 9. a4 Re8 10. O-O Rb8 11. d5 Ne7 12. a5 b6 13. axb6 cxb6 14. f4 exf4 15. gxf4 Bb7 16. Bd4 Nc8 17. Ng3 b5 18. f5 Nd7 19. Bxg7 Kxg7 20. Nce2 Qg5 21. Kh2 Ncb6 22. b3 Rbc8 23. Rf4 Re5 24. Qd3 Qe7 25. Raf1 Nf6 26. fxg6 fxg6 27. Rxf6 Qxf6 28. Rxf6 Kxf6 29. Nd4 Nd7 30. Nge2 Re7 31. Ne6 Ne5 32. Qd2 Kf7 33. N2d4 Kg8 34. Nf3 Nxf3+ 35. Bxf3 Rce8 36. h4 Bc8 37. Bg4 Bd7 38. Kg3 Rf7 39. Qb4 Rc8 40. c4 bxc4 41. bxc4 h6 42. c5 dxc5 43. Nxc5 Bxg4 44. Kxg4 Rfc7 45. Nxa6 Rc4 46. Qe7 Ra8 47. Nc5 Rf8 48. Nd7 Rf7 49. Qe8+ Kg7 50. Qxf7+ Kxf7 51. Ne5+ 1-0

[Event "Botvinnik Cup 2018"]
[Site "Moscow"]
[Date "2018.08.12"]
[Round "5"]
[White "Tologontegin, Semetey"]
[Black "Balabayeva, Xeniya"]
[Result "1-0"]
[ECO "A05"]
[WhiteElo "2419"]
[BlackElo "1788"]
[Annotator "NA"]
[PlyCount "127"]
[EventDate "2018.08.10"]
[EventCountry "RUS"]
[SourceTitle "playchess.com"]
[Source "ChessBase"]
[SourceQuality "1"]
[TimeControl "5400+30"]

1. Nf3 Nf6 2. e3 g6 3. d4 Bg7 4. c4 b6 5. Nc3 d5 6. cxd5 Nxd5 7. Bb5+ c6 8. Be2 e6 9. h4 c5 10. Nxd5 Qxd5 11. dxc5 Qxc5 12. Bd2 O-O 13. Rc1 Qd6 14. Qb3 a5 15. Bc3 Nd7 16. h5 Bxc3+ 17. Rxc3 Nc5 18. Qc2 Qe7 19. hxg6 fxg6 20. Rc4 Qf6 21. Rf4 Qe7 22. Rfh4 Rf7 23. Ne5 Rg7 24. Qc3 Bb7 25. f3 Rc8 26. Ng4 Rf8 27. Bd1 Ba6 28. Bc2 Rc8 29. Qd4 Nd7 30. Bd1 Qb4+ 31. Qxb4 axb4 32. Nh6+ Kf8 33. Rf4+ Ke7 34. Rxb4 Rc6 35. Ng4 h5 36. Nf2 Nc5 37. Rhh4 e5 38. Be2 Bxe2 39. Kxe2 Ke6 40. Rhc4 Rd6 41. Rc2 g5 42. Rd2 Rgd7 43. Rxd6+ Rxd6 44. Rc4 Rd7 45. Rc2 Ra7 46. b3 Kd5 47. b4 Na6 48. Nd3 Nc7 49. a4 Ne6 50. Nb2 Nc7 51. Kd3 Na6 52. Rc4 Rb7 53. Nd1 Kd6 54. Nc3 Nb8 55. Ne4+ Ke7 56. Nxg5 Ra7 57. b5 Nd7 58. Ne4 Ke6 59. Kc3 Ra8 60. Kb4 Rg8 61. Rc6+ Ke7 62. Rc2 h4 63. Rd2 Ke6 64. Rxd7 {[%emt 0:00:09] Kd5} 1-0

[Event "Botvinnik Cup 2018"]
[Site "Moscow"]
[Date "2018.08.12"]
[Round "5"]
[White "Sevdimaliyev, Urfan"]
[Black "Tsaruk, Maksim"]
[Result "1-0"]
[ECO "A47"]
[WhiteElo "2388"]
[BlackElo "2192"]
[Annotator "NA"]
[PlyCount "101"]
[EventDate "2018.08.10"]
[EventCountry "RUS"]
[SourceTitle "playchess.com"]
[Source "ChessBase"]
[SourceQuality "1"]
[TimeControl "5400+30"]

1. d4 Nf6 2. Nf3 b6 3. Bg5 Ne4 4. Bh4 Bb7 5. Nbd2 Nd6 6. e3 Nf5 7. Bg5 h6 8. Bf4 d5 9. Bb5+ c6 10. Bd3 e6 11. Ne5 Qf6 12. Ndf3 Bd6 13. Qd2 g5 14. Ng4 Qg7 15. Bxd6 Nxd6 16. Qb4 Ke7 17. Nge5 Rc8 18. c3 h5 19. a4 c5 20. Qa3 f6 21. Ng6+ Kd8 22. dxc5 bxc5 23. O-O-O Nd7 24. Nd4 cxd4 25. Qxd6 Rc6 26. Qb4 Nc5 27. Bb5 a5 28. Qa3 Rac8 29. Bxc6 Rxc6 30. exd4 Nd7 31. Qb3 Bc8 32. Qc2 Ke8 33. g4 hxg4 34. h4 gxh3 35. Rxh3 f5 36. Ne5 Nxe5 37. dxe5 Qxe5 38. Re3 Qf4 39. Rxd5 Qxe3+ 40. fxe3 exd5 41. Qg2 Rg6 42. Qxd5 g4 43. Qe5+ Be6 44. Qg3 Kf7 45. b4 axb4 46. cxb4 f4 47. exf4 Kf6 48. a5 Bd5 49. Qc3+ Kf7 50. Qc7+ Ke8 51. Qe5+ 1-0

[Event "Botvinnik Cup 2018"]
[Site "Moscow"]
[Date "2018.08.12"]
[Round "5"]
[White "Sevdimaliyev, Urfan"]
[Black "Zeliantsova, Kseniya"]
[Result "1-0"]
[ECO "B40"]
[WhiteElo "2388"]
[BlackElo "1804"]
[Annotator "NA"]
[PlyCount "71"]
[EventDate "2018.08.10"]
[EventCountry "RUS"]
[SourceTitle "playchess.com"]
[Source "ChessBase"]
[SourceQuality "1"]
[TimeControl "5400+30"]

1. e4 c5 2. Nf3 e6 3. c4 Nc6 4. Nc3 Nf6 5. Be2 d5 6. exd5 exd5 7. cxd5 Nxd5 8. O-O Be7 9. d4 Nxc3 10. bxc3 cxd4 11. Nxd4 Nxd4 12. cxd4 O-O 13. Rb1 Bf6 14. d5 Qd6 15. Rb3 Rd8 16. Bf3 Be5 17. g3 b6 18. Ba3 Qf6 19. Re1 Bb7 20. Qe2 Bd6 21. Bb2 Qf5 22. Be4 Qd7 23. Qh5 g6 24. Qf3 Be7 25. d6 Qxd6 26. Bxb7 Rab8 27. Bd5 Qxd5 28. Qxd5 Rxd5 29. Rxe7 Ra5 30. a3 Ra4 31. Rbe3 Rf8 32. Rb7 Ra5 33. Ree7 Rb5 34. Bd4 Rb1+ 35. Kg2 a5 36. Be3 1-0

[Event "Botvinnik Cup 2018"]
[Site "Moscow"]
[Date "2018.08.12"]
[Round "5"]
[White "Tsvetkov, Andrey"]
[Black "Vaganian, Rafael A"]
[Result "1/2-1/2"]
[ECO "D37"]
[WhiteElo "2297"]
[BlackElo "2546"]
[Annotator "ChessBase"]
[PlyCount "49"]
[EventDate "2018.08.10"]
[EventCountry "RUS"]
[SourceTitle "playchess.com"]
[Source "ChessBase"]
[SourceQuality "1"]
[TimeControl "5400+30"]

1. d4 d5 2. c4 e6 3. Nc3 Be7 4. Nf3 Nf6 5. Bf4 O-O 6. e3 Nbd7 7. a3 c5 8. dxc5 Nxc5 9. cxd5 Nxd5 10. Nxd5 exd5 11. Be5 Bf6 12. Bd4 Ne6 13. Qd2 Nxd4 14. Nxd4 Qb6 15. Rd1 Bd7 16. Be2 Ba4 17. Rc1 Rfe8 18. O-O Bxd4 19. exd4 Bb5 20. Bxb5 Qxb5 21. Rc5 Qd7 22. Rfc1 b6 23. Rc7 Qf5 24. f3 h6 25. Kf2 1/2-1/2

[Event "Botvinnik Cup 2018"]
[Site "Moscow"]
[Date "2018.08.12"]
[Round "5"]
[White "Lazavik, Denis"]
[Black "Sevdimaliyev, Urfan"]
[Result "1/2-1/2"]
[ECO "D27"]
[WhiteElo "2235"]
[BlackElo "2388"]
[Annotator "NA"]
[PlyCount "48"]
[EventDate "2018.08.10"]
[EventCountry "RUS"]
[SourceTitle "playchess.com"]
[Source "ChessBase"]
[SourceQuality "1"]
[TimeControl "5400+30"]

1. d4 d5 2. c4 dxc4 3. Nf3 Nf6 4. e3 e6 5. Bxc4 c5 6. O-O a6 7. dxc5 Bxc5 8. Qxd8+ Kxd8 9. b3 Ke7 10. Bb2 Bd7 11. Ne5 Be8 12. Nd2 Nc6 13. Ndf3 Nxe5 14. Nxe5 Bb5 15. Rfc1 Bd6 16. a4 Bxe5 17. Bxe5 Bc6 18. f3 Rhd8 19. e4 g5 20. b4 Be8 21. Bf1 Rdc8 22. Rd1 Rd8 23. Rdc1 Rdc8 24. Rd1 Rd8 1/2-1/2

[Event "Botvinnik Cup 2018"]
[Site "Moscow"]
[Date "2018.08.12"]
[Round "5"]
[White "Galkin, Gleb"]
[Black "Sevdimaliyev, Urfan"]
[Result "1/2-1/2"]
[ECO "A48"]
[WhiteElo "2134"]
[BlackElo "2388"]
[Annotator "NA"]
[PlyCount "108"]
[EventDate "2018.08.10"]
[EventCountry "RUS"]
[SourceTitle "playchess.com"]
[Source "ChessBase"]
[SourceQuality "1"]
[TimeControl "5400+30"]

1. d4 Nf6 2. Nf3 g6 3. c4 Bg7 4. Nc3 d5 5. cxd5 Nxd5 6. Bd2 O-O 7. Rc1 Nb6 8. Bf4 c6 9. e3 a5 10. Be2 Bf5 11. O-O a4 12. h3 Nd5 13. Nxd5 Qxd5 14. Bc4 Qa5 15. Ne5 Nd7 16. Ng4 Bxg4 17. Qxg4 Rfd8 18. Rfd1 Qf5 19. Qxf5 gxf5 20. Bd3 e6 21. Bc7 Rdc8 22. Bd6 Bf8 23. Bxf8 Kxf8 24. g4 fxg4 25. hxg4 Ra5 26. f3 h5 27. gxh5 Rxh5 28. Kg2 Ke7 29. Rh1 Rg8+ 30. Kf2 Rhg5 31. Rh2 a3 32. b4 Nb6 33. Rc3 Ra8 34. b5 cxb5 35. Rc7+ Nd7 36. Rxb7 Rb8 37. Rxb8 Nxb8 38. Rh8 Nc6 39. Be4 Nd8 40. f4 Rg7 41. f5 exf5 42. Bxf5 Rg5 43. Bd3 b4 44. Bc4 Rf5+ 45. Ke2 Rg5 46. Kf2 Rf5+ 47. Ke2 Rg5 48. Kd3 Rg1 49. Rh5 Rc1 50. Re5+ Kd6 51. Rd5+ Ke7 52. Re5+ Kd6 53. Rd5+ Ke7 54. Re5+ Kd6 1/2-1/2

[Event "Botvinnik Cup 2018"]
[Site "Moscow"]
[Date "2018.08.12"]
[Round "5"]
[White "Garifullina, Leya"]
[Black "Vaganian, Rafael A"]
[Result "1/2-1/2"]
[ECO "C16"]
[WhiteElo "2106"]
[BlackElo "2546"]
[Annotator "ChessBase"]
[PlyCount "135"]
[EventDate "2018.08.10"]
[EventCountry "RUS"]
[SourceTitle "playchess.com"]
[Source "ChessBase"]
[SourceQuality "1"]
[TimeControl "5400+30"]

1. e4 e6 2. d4 d5 3. Nc3 Bb4 4. e5 Qd7 5. Qg4 Bf8 6. Bg5 b6 7. Nf3 Ba6 8. Bxa6 Nxa6 9. O-O-O h6 10. Be3 Ne7 11. Nh4 O-O-O 12. f4 Kb7 13. Qe2 h5 14. h3 Nf5 15. Nxf5 exf5 16. a3 c6 17. Kb1 Nc7 18. Rd2 h4 19. Rhd1 Ne6 20. Rd3 Be7 21. Qf3 b5 22. Ne2 Ka8 23. Nc1 a5 24. Qf1 Rb8 25. Qe1 Qa7 26. Qf1 a4 27. c3 Qd7 28. Qf2 Kb7 29. Ne2 Nc7 30. Kc2 Na8 31. Kd2 Nb6 32. Ke1 Nc4 33. Bc1 Rbg8 34. Rf3 Bd8 35. Kf1 f6 36. Kg1 Bb6 37. Kh1 Ka6 38. Rf1 Rf8 39. Qe1 Bd8 40. Qf2 Rf7 41. Kg1 Rhf8 42. Kh1 g5 43. fxg5 fxg5 44. Qe1 Rg7 45. Qf2 f4 46. Ng1 Qf5 47. Re1 Rfg8 48. Rf1 Bb6 49. Qe2 Re8 50. Re1 Nd6 51. Qd1 Ne4 52. Kh2 g4 53. hxg4 Rxg4 54. Nh3 Reg8 55. Re2 Qg6 56. Nxf4 Qh7 57. Nh3 Bc7 58. Bf4 Qg6 59. Qc2 Kb7 60. Kg1 Qh5 61. Kh2 Bd8 62. Qd3 Be7 63. Qc2 Kb6 64. Qd3 Bf8 65. Qc2 Be7 66. Qd3 Rf8 67. Bc1 Rfg8 68. Bf4 1/2-1/2

[Event "Botvinnik Cup 2018"]
[Site "Moscow"]
[Date "2018.08.12"]
[Round "5"]
[White "Melkonyan, Arshak"]
[Black "Korotylev, Alexey"]
[Result "1/2-1/2"]
[ECO "A46"]
[WhiteElo "2051"]
[BlackElo "2573"]
[Annotator "ChessBase"]
[PlyCount "91"]
[EventDate "2018.08.10"]
[EventCountry "RUS"]
[SourceTitle "playchess.com"]
[Source "ChessBase"]
[SourceQuality "1"]
[TimeControl "5400+30"]

1. d4 Nf6 2. Nf3 e6 3. e3 b6 4. Bd3 Bb7 5. O-O d5 6. b3 Bd6 7. Bb2 O-O 8. Nbd2 c5 9. c4 Nbd7 10. Qe2 cxd4 11. exd4 Re8 12. Ne5 Bb4 13. a3 Bxd2 14. Qxd2 dxc4 15. Nxc4 Nf8 16. f3 Ng6 17. Rac1 Re7 18. Bxg6 hxg6 19. Ne5 Nd5 20. a4 Rc8 21. Rxc8 Qxc8 22. Rc1 Rc7 23. Kf2 Rxc1 24. Qxc1 Qe8 25. a5 f6 26. Nc4 g5 27. axb6 axb6 28. Nd6 Qd7 29. Ba3 Nf4 30. Qc4 Kh7 31. h3 Bc6 32. Qc2+ Kg8 33. Kg1 Qa7 34. Qxc6 Qxa3 35. Qc8+ Kh7 36. Qc2+ f5 37. Nf7 Qa1+ 38. Kh2 Qf1 39. Nxg5+ Kg6 40. Qd2 Ne2 41. Qe3 f4 42. Qxe6+ Kxg5 43. h4+ Kh5 44. Qg4+ Kh6 45. Qg5+ Kh7 46. Qh5+ 1/2-1/2